 Dungeon Crawl Stone Soup version 0.25-a0-1130-g3926558f3a (webtiles) character file.

Game seed: 16797644599736111922, levelgen mode: deterministic

86 Lugonue the Chucker (level 4, 0/38 HPs)
             Began as a Hill Orc Hunter on May 19, 2020.
             Slain by a water moccasin (4 damage)
             ... on level 3 of the Dungeon.
             The game lasted 00:03:20 (1773 turns).

Lugonue the Chucker (Hill Orc Hunter)               Turns: 1773, Time: 00:03:22

Health: 0/38       AC:  3    Str: 15    XL:     4   Next: 49%
Magic:  4/4        EV: 12    Int: 11    God:
Gold:   102        SH:  0    Dex: 11    Spells: 3/3 levels left

rFire    . . .     SeeInvis .   a - +0 short sword
rCold    . . .     Gourm    .   (no shield)
rNeg     . . .     Faith    .   b - +0 leather armour
rPois    .         Spirit   .   (no helmet)
rElec    .         Reflect  .   (no cloak)
rCorr    .         Harm     .   (no gloves)
MR       .....                  (no boots)
Stlth    +.........             j - amulet of regeneration
HPRegen  0.52/turn              (no ring)
MPRegen  0.09/turn              (no ring)

@: lethally poisoned (0 -> -18)
A: no striking features
a: no special abilities


You were on level 3 of the Dungeon.
You were not hungry.

You visited 1 branch of the dungeon, and saw 3 of its levels.

You collected 102 gold pieces.

Inventory:

Hand Weapons
 a - a +0 short sword (weapon)
Missiles
 g - 13 poisoned darts (quivered)
Armour
 b - a +0 leather armour (worn)
Jewellery
 j - an amulet of regeneration (around neck)
 o - an uncursed ring of ice
Scrolls
 e - 2 scrolls of amnesia
 i - 2 scrolls of identify {unknown}
 k - a scroll of remove curse {unknown}
 n - 3 scrolls of enchant weapon {unknown}
Potions
 h - a potion of haste {unknown}
 l - a potion of might {unknown}
 p - a potion of degeneration {unknown}
Comestibles
 f - 2 rations


   Skills:
 + Level 3.1 Fighting
 + Level 4.2 Throwing
 + Level 1.9 Armour
 + Level 2.1 Dodging
 + Level 1.1 Stealth


You had 3 spell levels left.
You didn't know any spells.
Your spell library contained the following spells:

 Spells                   Type           Power        Failure   Level  Hunger
 Confusing Touch          Hex            #.......     78%         3    ####...
 Gell's Gravitas          Tloc           #.........   78%         3    ####...
 Petrify                  Tmut/Erth      #.......     99%         4    #####..
 Metabolic Englaciation   Hex/Ice        #.........   100%        5    ######.
 Yara's Violent Unravell  Hex/Tmut       #.........   100%        5    ######.


Dungeon Overview and Level Annotations

Branches:
Dungeon (3/15)

Altars:
Ru


Message History

You throw a javelin.
The javelin closely misses the water moccasin.
You feel sick. The water moccasin closely misses you.
You hit the water moccasin.
The water moccasin is severely wounded.
You feel sick. The water moccasin barely misses you.
The water moccasin completely misses you.
You miss the water moccasin.
The water moccasin is severely wounded.
You feel sick. The water moccasin bites you.
You are lethally poisoned!
The water moccasin poisons you!
You barely miss the water moccasin.
The water moccasin is severely wounded.
You hear the slow rusting of a drain nearby.
You feel very sick. The water moccasin bites you!
* * * LOW HITPOINT WARNING * * *
The water moccasin bites you.
You die...

..#######...#
#.#.#..
#.#.#.####
#.#.#.##..
#.#.#.##.#
+.#.#.##.#
..#.#.##.#
###.#.##S#
#.....#@#######
#..#..........#
#..###..#####.#
#..# #..# #..#
#..# #... <...
#.####.>## #.
#..# #..#


You could see a water moccasin.

Vanquished Creatures
  Robin (D:2)
  An adder (D:2)
  An ooze (D:1)
  2 dart slugs
  7 giant cockroaches
  14 goblins
  8 hobgoblins
  A quokka (D:2)
  4 bats (D:1)
  2 frilled lizards
  9 kobolds
  4 rats (D:1)
54 creatures vanquished.

Notes
Turn   | Place    | Note
-------+----------+-------------------------------------------
     0 | D:1      | Lugonue the Hill Orc Hunter began the quest for the Orb.
     0 | D:1      | Reached XP level 1. HP: 18/18 MP: 1/1
   114 | D:1      | Reached XP level 2. HP: 23/25 MP: 2/2
   192 | D:1      | Reached skill level 4 in Throwing
   449 | D:1      | Reached XP level 3. HP: 22/30 MP: 3/3
   739 | D:2      | Noticed Robin
   754 | D:2      | Killed Robin
   754 | D:2      | Reached skill level 1 in Armour
   765 | D:2      | Reached skill level 1 in Stealth
   809 | D:2      | Reached XP level 4. HP: 36/38 MP: 4/4
  1194 | D:2      | Found a sacrificial altar of Ru.
  1753 | D:3      | Noticed a water moccasin
  1773 | D:3      | Slain by a water moccasin

Illustrated notes

Levels and vault maps discovered:
D:1:      dpeg_arrival_renting, layout_basic
D:2:      layout_basic, nicolae_ru_the_path_less_chosen, uniq_robin
D:3:      layout_loops_ring, portal_sewer_entry_c, first_ration,
          chequers_ecumenical_altar_lobes

Skill      XL: |  1  2  3 |
---------------+----------+-----
Throwing       | 4 |  4.2
Armour         | 1 |  1.9
Dodging        | 2 |  2.1
Stealth        | 1 |  1.1
Fighting       | 3 |  3.1

Action                   |  1- 3 |  4- 6 || total
-------------------------+-------+-------++-------
Melee: Short sword       |   107 |    85 ||   192
Throw: Javelin           |     3 |     8 ||    11
       Dart              |       |    17 ||    17
       Throwing net      |       |     2 ||     2
  Use: Scroll            |       |     1 ||     1
       Potion            |       |     1 ||     1
 Stab: Sleeping          |     1 |       ||     1
       Held in net/web   |       |     1 ||     1
  Eat: Chunk             |       |     3 ||     3
Armor: Leather armour    |    24 |    15 ||    39
Dodge: Dodged            |    53 |    53 ||   106

Table legend:
 A = Non-vault XP
 B = Vault XP
 C = Vault XP percentage of total XP
 D = Non-vault monster count
 E = Vault monster count
 F = Vault count percentage of total count
                 A         B        C        D         E       F
            +---------+---------+-------+---------+---------+-------
      Total |      86 |      37 |  30.1 |      41 |      13 |  24.1
            +---------+---------+-------+---------+---------+-------
        D:1 |      47 |       0 |   0.0 |      26 |       0 |   0.0
        D:2 |      38 |      37 |  49.3 |      14 |      13 |  48.1
        D:3 |       1 |       0 |   0.0 |       1 |       0 |   0.0
            +---------+---------+-------+---------+---------+-------
